 Dungeon Crawl Stone Soup version 0.22-a0-247-gbddf880 (webtiles) character file.

1606 nikopol the Thaumaturge (level 8, 0/43 HPs)
             Began as a Deep Elf Fire Elementalist on Feb 27, 2018.
             Was a Believer of Sif Muna.
             Slain by a killer bee (3 damage)
             ... on level 5 of the Dungeon.
             The game lasted 00:16:10 (4686 turns).

nikopol the Thaumaturge (DEFE)                      Turns: 4686, Time: 00:16:10

Health: 0/43       AC:  4    Str:  5    XL:     8   Next: 63%
Magic:  14/23      EV: 14    Int: 23    God:    Sif Muna [**....]
Gold:   340        SH:  0    Dex: 15    Spells: 10/25 levels left

rFire    . . .     SeeInvis .   y - +1 short sword (drain)
rCold    . . .     Gourm    .   (no shield)
rNeg     . . .     Faith    .   a - +0 robe
rPois    .         Spirit   .   r - +0 helmet
rElec    .         Reflect  .   (no cloak)
rCorr    .         Harm     .   (no gloves)
MR       .....                  p - +0 pair of boots
Stlth    +++.......             (no amulet)
HPRegen  0.14/turn              (no ring)
MPRegen  0.18/turn              (no ring)

@: lethally poisoned (0 -> -10)
A: no striking features
a: Divine Energy, Renounce Religion


You were on level 5 of the Dungeon.
You worshipped Sif Muna.
Sif Muna was pleased with you.
You were not hungry.

You visited 1 branch of the dungeon, and saw 5 of its levels.

You collected 340 gold pieces.

Inventory:

Hand Weapons
 y - a +1 short sword of draining (weapon)
Armour
 a - a +0 robe (worn)
 p - a +0 pair of boots (worn)
 r - a +0 helmet (worn)
Jewellery
 f - a +4 ring of strength {unknown}
 t - an uncursed amulet of regeneration {unknown}
Wands
 m - a wand of polymorph (10)
Scrolls
 c - a scroll of amnesia {unknown}
 e - 5 scrolls of teleportation {unknown}
 j - 4 scrolls of identify {unknown}
 o - a scroll of magic mapping {unknown}
 q - 2 scrolls of fear {unknown}
 u - a scroll of enchant armour {unknown}
 v - 3 scrolls of remove curse {unknown}
 x - a scroll of enchant weapon {unknown}
Potions
 d - 3 potions of curing {unknown}
 g - a potion of agility {unknown}
 h - a potion of heal wounds {unknown}
 i - 2 potions of brilliance {unknown}
 k - a potion of resistance {unknown}
 l - a potion of berserk rage {unknown}
 n - a potion of invisibility {unknown}
 s - 2 potions of flight {unknown}
 w - 2 potions of might {unknown}
Comestibles
 b - 8 rations


   Skills:
 + Level 1.1 Fighting
 + Level 3.4 Dodging
 + Level 4.7 Stealth
 + Level 9.0 Spellcasting
 + Level 5.5 Conjurations
 + Level 7.2 Fire Magic


You had 10 spell levels left.
You knew the following spells:

 Your Spells              Type           Power        Failure   Level  Hunger
a - Flame Tongue          Conj/Fire      #####        1%          1    None
b - Throw Flame           Conj/Fire      #####.       1%          2    None
c - Conjure Flame         Conj/Fire      #####...     1%          3    None
d - Sticky Flame          Conj/Fire      #####...     4%          4    ##.....
e - Fireball              Conj/Fire      #####.....   12%         5    ####...


Dungeon Overview and Level Annotations

Branches:
Dungeon (5/15)             Temple (0/1) D:4

Altars:
Cheibriados
Okawaru
Sif Muna
The Shining One


Message History

The killer bee poisons you!
Casting: Flame Tongue (safe; 1% risk of failure)
Confirm with . or Enter, or press ? or * to list all spells.
Aiming: Flame Tongue (safe; 1% risk of failure)
Press: ? - help, Shift-Dir - straight line, f/p - killer bee
Aim: a killer bee (severely wounded)
The flame tongue hits the killer bee.
The killer bee is severely wounded.
* * * LOW HITPOINT WARNING * * *
You feel sick. The killer bee barely misses you. The killer bee stings you.
* * * LOW HITPOINT WARNING * * *
Casting: Flame Tongue (safe; 1% risk of failure)
Confirm with . or Enter, or press ? or * to list all spells.
Aiming: Throw Flame (safe; 1% risk of failure)
Press: ? - help, Shift-Dir - straight line, f/p - killer bee
Aim: a killer bee (severely wounded)
The puff of flame misses the killer bee.
* * * LOW HITPOINT WARNING * * *
You feel sick. The killer bee barely misses you. The killer bee stings you.
You die...

........# ##########
.......### .........#
#......... #........#
##......... #.....>..###.
#......... #...........
#......... #.........#
##........$ ######
#......y.# ##...†......
...[.#####......@.#
##).#####.?..
.....#...#........###).##
... .......#.#.....(....†)##
## ..................#####
.....####....###### .
.....####.#......#### ...
..........#.####....####....
.......# #.. ####.........
.......###.# ##.........


You could see a killer bee.

Vanquished Creatures
  Sigmund (D:2)
  The ghost of nikopol the Magician, an amateur DEFE (D:3)
  An orc warrior (D:5)
  An ice beast (D:3)
  A sky beast (D:5)
  2 ogres (D:4)
  A centaur (D:4)
  3 killer bees (D:5)
  A bullfrog skeleton (D:5)
  A hound (D:4)
  7 orc wizards
  A gnoll shaman (D:4)
  2 orc priests
  An iguana (D:4)
  Natasha (D:2)
  2 worker ants (D:4)
  7 adders
  4 gnolls (D:4)
  4 worms
  3 dart slugs
  5 leopard geckos
  15 orcs
  4 bats
  7 goblins
  6 hobgoblins
  2 quokkas
  3 frilled lizards
  4 kobolds
  A quokka zombie (D:5)
  3 rats
95 creatures vanquished.

Notes
Turn   | Place    | Note
-------+----------+-------------------------------------------
     0 | D:1      | nikopol the Deep Elf Fire Elementalist began the quest for the Orb.
     0 | D:1      | Reached XP level 1. HP: 10/10 MP: 6/6
   248 | D:1      | Reached XP level 2. HP: 15/15 MP: 2/8
   869 | D:2      | Found a faded altar of an unknown god.
   902 | D:2      | Noticed Sigmund
   909 | D:2      | Killed Sigmund
   909 | D:2      | Reached skill level 4 in Spellcasting
   909 | D:2      | Reached XP level 3. HP: 19/19 MP: 1/10
   909 | D:2      | Reached XP level 4. HP: 24/24 MP: 1/12
   909 | D:2      | Reached XP level 5. HP: 28/28 MP: 1/13
   913 | D:2      | Learned a level 2 spell: Throw Flame
   917 | D:2      | Learned a level 3 spell: Conjure Flame
   922 | D:2      | Learned a level 4 spell: Sticky Flame
  1127 | D:2      | Reached skill level 5 in Fire Magic
  1396 | D:2      | Noticed Natasha
  1401 | D:2      | Killed Natasha
  1779 | D:2      | Found a deep blue altar of Sif Muna.
  1790 | D:2      | Became a worshipper of Sif Muna the Loreminder
  1911 | D:3      | Noticed nikopol's ghost (amateur DEFE)
  2074 | D:3      | Killed nikopol's ghost
  2074 | D:3      | Reached skill level 5 in Spellcasting
  2074 | D:3      | Reached XP level 6. HP: 23/32 MP: 2/15
  2254 | D:3      | Noticed an ice beast
  2258 | D:3      | Killed an ice beast
  2411 | D:3      | Found a glowing golden altar of the Shining One.
  2461 | D:3      | Found an iron altar of Okawaru.
  2469 | D:3      | Reached XP level 7. HP: 36/36 MP: 14/17
  2735 | D:4      | Reached skill level 6 in Spellcasting
  2740 | D:4      | Reached * piety under Sif Muna
  2855 | D:4      | Reached skill level 7 in Spellcasting
  3328 | D:4      | Reached XP level 8. HP: 40/41 MP: 10/21
  3356 | D:4      | Learned a level 5 spell: Fireball
  3517 | D:4      | Found a staircase to the Ecumenical Temple.
  3565 | D:4      | Reached ** piety under Sif Muna
  3597 | D:4      | Reached skill level 8 in Spellcasting
  3718 | D:4      | Found a snail-covered altar of Cheibriados.
  4244 | D:5      | Entered Level 5 of the Dungeon
  4396 | D:5      | Reached skill level 5 in Conjurations
  4645 | D:5      | Reached skill level 1 in Fighting
  4650 | D:5      | Reached skill level 9 in Spellcasting
  4686 | D:5      | Slain by a killer bee

Vault maps used:
D:1:      roderic_crop_circles_arrival_small, amethyst_killhole
D:2:      lemuel_coloured_pillars_altar, chequers_ecumenical_altar_simple,
          first_ration, uniq_natasha, uniq_sigmund
D:3:      old_standard_altar, old_standard_altar
D:4:      minmay_temple_entry_hall, kennysheep_cross_room, chei_slow_surprise
D:5:      lemuel_round_altar

Skill      XL: |  1  2  3  4  5  6  7  8 |
---------------+-------------------------+-----
Dodging        | 3 |  3.4
Stealth        | 3 4 |  4.7
Spellcasting   | 4 5 7 9 |  9.0
Conjurations   | 2 3 4 5 |  5.5
Fire Magic     | 4 5 6 7 |  7.2
Fighting       | 1 |  1.1

Action                   |  1- 3 |  4- 6 |  7- 9 || total
-------------------------+-------+-------+-------++-------
Melee: Short sword       |       |       |     1 ||     1
 Cast: Flame Tongue      |    20 |    59 |   104 ||   183
       Conjure Flame     |       |     1 |     3 ||     4
       Sticky Flame      |       |     1 |     9 ||    10
       Throw Flame       |       |       |     9 ||     9
       Fireball          |       |       |     4 ||     4
  Eat: Chunk             |       |     5 |     8 ||    13
Armor: Robe              |     1 |     1 |     6 ||     8
Dodge: Dodged            |     2 |     7 |    20 ||    29

Table legend:
 A = Spawn XP
 B = Non-spawn XP
 C = Spawn XP percentage of total XP
 D = Spawn monster count
 E = Non-spawn monster count
 F = Spawn count percentage of total count
 G = Total turns spent on level
                    A         B        C        D         E        F      G
               +---------+---------+-------+---------+---------+-------+---------
         Total |       0 |    2295 |   0.0 |       0 |      95 |   0.0 |  4686
               +---------+---------+-------+---------+---------+-------+---------
           D:1 |       0 |      15 |   0.0 |       0 |       7 |   0.0 |   820
           D:2 |       0 |     300 |   0.0 |       0 |      11 |   0.0 |  1027
           D:3 |       0 |     428 |   0.0 |       0 |      28 |   0.0 |  1119
           D:4 |       0 |     958 |   0.0 |       0 |      37 |   0.0 |  1278
           D:5 |       0 |     594 |   0.0 |       0 |      12 |   0.0 |   442
               +---------+---------+-------+---------+---------+-------+---------
